 Dungeon Sprint DCSS version 0.17.1-3-g152610e (webtiles) character file.

454 juanjsm the Fighter (level 6, 0/68 HPs)
             Began as a Minotaur Berserker on Mar 3, 2016.
             Was a Priest of Trog.
             Slain by a slime creature (6 damage)
             ... in the Dungeon (Sprint I: "Red Sonja").
             The game lasted 00:02:47 (358 turns).

juanjsm the Fighter (Minotaur Berserker)             Turns: 358, Time: 00:02:47

Health: 0/68       AC: 12    Str: 23    XL:     6   Next: 76%
Magic:  5/5        EV: 10    Int:  4    God:    Trog [***...]
Gold:   191        SH:  0    Dex: 10    Spells: 0 memorised, 5 levels left

rFire  . . .     SeeInvis .     a - +0 spear
rCold  + . .     Clarity  .     m - +2 chain mail {rC+}
rNeg   . . .     SustAt   .     (no shield)
rPois  .         Gourm    .     (helmet restricted)
rElec  .         Spirit   .     (no cloak)
rCorr  .         Warding  .     (no gloves)
rMut   .         NoTele   +     (no boots)
MR     .....                    (no amulet)
Stlth  ..........               (no ring)
                                (no ring)

@: not resistant to hostile enchantments, extremely unstealthy
A: retaliatory headbutt, horns 2
a: Berserk, Trog's Hand, Burn Spellbooks, Renounce Religion


You were in the Dungeon.
You worshipped Trog.
Trog was most pleased with you.
You were not hungry.

You visited 1 branch You collected 317 gold pieces.
You spent 126 gold pieces at shops.

Inventory:

Hand Weapons
 a - a +0 spear (weapon)
Armour
 b - a +0 animal skin
 m - a +2 chain mail of cold resistance (worn)
Scrolls
 i - a scroll of blinking
 k - a scroll of immolation {unknown}
Potions
 d - a potion of curing
 e - a potion of heal wounds
 f - a potion of haste
 g - 2 potions of magic
 h - a potion of berserk rage
Comestibles
 c - a bread ration
 j - 7 chunks of flesh
 l - a meat ration


   Skills:
 + Level 11.3 Fighting
 + Level 11.3 Polearms
 + Level 5.9 Armour
 + Level 5.8 Dodging


You had 5 spell levels left.
You didn't know any spells.

Dungeon Overview and Level Annotations

Branches:
Dungeon (1/1)

Altars:
Cheibriados
Dithmenos
Elyvilon
Fedhas
Gozag
Kikubaaqudgha
Makhleb
Nemelex Xobeh
Okawaru
Qazlal
Ru
Sif Muna
Trog
Vehumet
Xom
Yredelemnul
Zin
The Shining One
Jiyva

Shops:
D [


Innate Abilities, Weirdness & Mutations

You reflexively headbutt those who attack you in melee.
You have a pair of horns on your head.


Message History

You are too injured to fight recklessly!
You are too injured to fight recklessly!
You are too injured to fight recklessly!
You are too injured to fight recklessly!
You are too injured to fight recklessly!
You hit the slime creature but do no damage.
You headbutt the slime creature.
The slime creature is heavily wounded.
The slime creature hits you!
* * * LOW HITPOINT WARNING * * *
You barely miss the slime creature.
The slime creature is heavily wounded.
You hit the slime creature.
The slime creature is heavily wounded.
The slime creature barely misses you. You furiously retaliate!
You headbutt the slime creature. You completely miss the slime creature.
You headbutt the slime creature!
The slime creature is severely wounded.
The slime creature hits you.
You die...

################ ##
#<.#..)..#..'..#__#
#..').#..').#.@J..+
#..#####'#####'#__#
#..####..#...#.# ##
#..#__####..##.#
#..#_..__##'#..+
#⌠⌠#_.∩...÷..._#
####_..._##_.#'#
#_____###+#.#
####### ###


You could see a slime creature.

Vanquished Creatures
  Sigmund (D)
  A yak (D)
  An ogre (D)
  A jelly (D)
  Ijyb (D)
5 creatures vanquished.

Notes
Turn   | Place    | Note
--------------------------------------------------------------
     0 | D        | juanjsm the Minotaur Berserker began the quest for the Orb.
     0 | D        | Reached XP level 1. HP: 19/19 MP: 0/0
     2 | D        | Noticed Ijyb
    12 | D        | Killed Ijyb
    12 | D        | Reached skill level 5 in Fighting
    12 | D        | Reached skill level 5 in Polearms
    12 | D        | Reached XP level 2. HP: 16/30 MP: 1/1
   146 | D        | Noticed an ogre
   150 | D        | Killed an ogre
   150 | D        | Reached skill level 7 in Fighting
   150 | D        | Reached XP level 3. HP: 36/40 MP: 2/2
   150 | D        | Reached XP level 4. HP: 43/48 MP: 3/3
   257 | D        | Noticed Sigmund
   262 | D        | Killed Sigmund
   262 | D        | Reached ** piety under Trog
   262 | D        | Reached skill level 10 in Fighting
   262 | D        | Reached skill level 10 in Polearms
   262 | D        | Reached skill level 5 in Armour
   262 | D        | Reached skill level 5 in Dodging
   262 | D        | Reached XP level 5. HP: 58/58 MP: 4/4
   262 | D        | Reached XP level 6. HP: 66/66 MP: 5/5
   275 | D        | Found a deep blue altar of Sif Muna.
   276 | D        | Noticed a jelly
   277 | D        | Found a radiant altar of Vehumet.
   280 | D        | Killed a jelly
   307 | D        | Found Timarusch's Antique Armour Emporium.
   307 | D        | Found a white marble altar of Elyvilon.
   307 | D        | Found a stormy altar of Qazlal.
   307 | D        | Found a basalt altar of Yredelemnul.
   307 | D        | Found an iron altar of Okawaru.
   307 | D        | Found a sparkling altar of Nemelex Xobeh.
   307 | D        | Found a shimmering altar of Xom.
   307 | D        | Found an ancient bone altar of Kikubaaqudgha.
   307 | D        | Noticed a yak
   320 | D        | Killed a yak
   320 | D        | Reached *** piety under Trog
   320 | D        | Reached skill level 11 in Fighting
   321 | D        | Found a burning altar of Makhleb.
   321 | D        | Found a sacrificial altar of Ru.
   321 | D        | Found a glowing golden altar of the Shining One.
   321 | D        | Found an opulent altar of Gozag.
   321 | D        | Found a glowing silver altar of Zin.
   324 | D        | Found a bloodstained altar of Trog.
   329 | D        | Bought a shiny chain mail for 126 gold pieces
   350 | D        | Found a snail-covered altar of Cheibriados.
   350 | D        | Found a viscous altar of Jiyva.
   350 | D        | Found a shadowy altar of Dithmenos.
   350 | D        | Found a blossoming altar of Fedhas.
   350 | D        | Noticed a slime creature
   358 | D        | Slain by a slime creature

Action                   |  1- 3 |  4- 6 || total
-------------------------+-------+-------++-------
Melee: Spear             |    13 |    27 ||    40
Invok: Berserk           |     1 |     1 ||     2
